 Dungeon Crawl Stone Soup version 0.31-a0-1096-g246cf0196b (webtiles) character file.

Game seed: 11092212867503541891

641 Flugkiller the Changeling (level 8, 0/63 HPs)
             Began as a Meteoran Shapeshifter on Nov 29, 2023.
             Was an Initiate of Okawaru.
             Slain by a gnoll
             ... wielding a +0 flail
              (5 damage)
             ... on level 4 of the Dungeon.
             The game lasted 00:08:33 (1635 turns).

Flugkiller the Changeling (Meteoran Shapeshifter)   Turns: 1635, Time: 00:08:34

Health: 0/63       AC:  4    Str: 15    XL:     8   Next: 8%
Magic:  9/9        EV: 13    Int: 18    God:    Okawaru [......]
Gold:   147        SH:  0    Dex: 16    Spells: 7/7 levels left

rFire   . .          .
                       - Unarmed
rCold   . . .        (no shield)
rNeg    + . .        y - +2 robe {rN+}
rPois   +            (helmet currently unavailable)
rElec   .            (cloak currently unavailable)
rCorr   +            (gloves currently unavailable)
SInv    .            (boots currently unavailable)
Will    +....        (no amulet)
Stlth   +            A - ring of resist corrosion
HPRegen 0.30/turn    g - +6 ring of intelligence
MPRegen 0.11/turn

%: no passive effects
@: lethally poisoned (0 -> -2), beast-form, glowing
A: beast (slay +4), sense surroundings 1, otherworldly, glowing, explore regen,
poison resistance, teleportitis 1, wild magic 1
a: Begin Untransformation, Renounce Religion


You were on level 4 of the Dungeon.
You worshipped Okawaru.
Okawaru was noncommittal.
You were a hulking beast.
You visited 1 branch of the dungeon, and saw 4 of its levels.

You collected 147 gold pieces.

Inventory:

Armour
 s - a +0 pair of gloves
   (You found it on level 3 of the Dungeon)
 t - a +0 ring mail
   (You found it on level 3 of the Dungeon)
 x - a +0 chain mail
   (You took it off Terence on level 3 of the Dungeon)
 y - a +2 robe of positive energy (worn)
   (You found it on level 4 of the Dungeon)
Jewellery
 b - a ring of magical power
   (You found it on level 2 of the Dungeon)
 g - a +6 ring of intelligence (right hand)
   (You found it on level 3 of the Dungeon)
 A - a ring of resist corrosion (left hand)
   (You found it on level 4 of the Dungeon)
Talismans
 c - a beast talisman
 d - a flux talisman
 e - a blade talisman
   (You found it on level 1 of the Dungeon)
 r - a granite talisman
   (You found it on level 3 of the Dungeon)
Wands
 f - a wand of iceblast (7)
   (You found it on level 2 of the Dungeon)
Scrolls
 a - 2 scrolls of butterflies
 h - a scroll of vulnerability {unknown}
 j - a scroll of enchant armour {unknown}
 l - a scroll of revelation {unknown}
 n - a scroll of enchant weapon {unknown}
 o - a scroll of fog
 q - a scroll of fear {unknown}
 u - a scroll of identify {unknown}
 v - a scroll of brand weapon {unknown}


   Skills:
 + Level 3.4 Fighting
 - Level 3.0 Dodging
 - Level 6.0 Unarmed Combat
 - Level 2.0 Evocations
 - Level 7.0 Shapeshifting


You had 7 spell levels left.
You didn't know any spells.
Your spell library contained the following spells:

 Spells                   Type           Power      Damage    Failure   Level
 Ozocubu's Armour         Ice            0%         N/A       63%         3
 Ozocubu's Refrigeration  Ice            0%         4d7       100%        7


Dungeon Overview and Level Annotations

Branches:
Dungeon (4/15) Zot: 798
 Temple: D:4-7

Altars:
Kikubaaqudgha
Okawaru

Shops:
D:1 =


Innate Abilities, Weirdness & Mutations

You are a hulking beast.
Your limbs bulge with bestial killing power. (Slay +4)
You passively map a small area around you.
You are easily found by Zot.
You glow in the dark.
You regain HP and MP as you explore.
Your system is resistant to poisons. (rPois)
You are occasionally teleported next to monsters.
Your spells are a little harder to cast, but a little more powerful.


Message History

The goblin shouts!
The adder hisses angrily.
You feel strangely unstable.
You are yanked towards a nearby monster!
Your surroundings suddenly seem different.
Found an ancient bone altar of Kikubaaqudgha.
Found a stone staircase leading down.
Unknown command.
The iguana hisses angrily.
You hit the goblin.
You kill the goblin!
Okawaru accepts your kill. The iguana bites you.
Things that are here:
a +0 club; 11 gold pieces The gnoll shouts!
You punch the iguana!
The iguana is severely wounded.
You hit the iguana.
The iguana is almost dead.
The iguana barely misses you.
You hit the iguana.
You kill the iguana!
Okawaru accepts your kill.
The gnoll shouts!
You see here an iguana corpse.
The centaur shouts!
The gnoll barely misses you.
You completely miss the gnoll. You punch the gnoll!
The gnoll is severely wounded.
The gnoll closely misses you.
You punch the gnoll!
You kill the gnoll!
Okawaru accepts your kill.
The centaur shoots an arrow.
The arrow closely misses you. The adder barely misses you.
You hit the gnoll.
The gnoll is moderately wounded.
The centaur shoots an arrow.
The arrow hits you. The adder barely misses you.
You are too injured to fight recklessly!
You are too injured to fight recklessly!
The centaur shoots an arrow.
The arrow barely misses you. The gnoll hits you with a +0 flail.
Your extra speed is starting to run out.
The centaur unwields a +0 orcbow.
The centaur closely misses you. The centaur kicks you.
You hit the centaur.
The centaur is moderately wounded.
The centaur barely misses you. x2
You hit the centaur.
The centaur is moderately wounded.
The adder barely misses you.
The centaur hits you but does no damage.
The centaur completely misses you. The gnoll misses you.
The gnoll hits you with a +0 flail.
You completely miss the centaur.
The centaur is moderately wounded.
The adder closely misses you.
You punch the centaur!
The centaur is severely wounded.
The centaur hits you. The centaur closely misses you.
The gnoll hits you from afar with a +0 spear.
The gnoll closely misses you.
You hit the centaur. You punch the centaur.
The centaur is almost dead.
The centaur barely misses you. The centaur misses you. The adder bites you.
You hit the centaur.
You kill the centaur!
Okawaru accepts your kill. The gnoll barely misses you.
The adder closely misses you. The gnoll hits you with a +0 flail!
* * * LOW HITPOINT WARNING * * *
Training target 7.0 for Shapeshifting reached!
Your Shapeshifting skill increases to level 7!
You need to enable at least one skill for training.
You have reached level 8!
Unknown command.
You punch the adder!
The adder is almost dead.
The adder bites you.
* * * LOW HITPOINT WARNING * * *
You are poisoned.
The adder poisons you!
The gnoll hits you from afar with a +0 spear.
* * * LOW HITPOINT WARNING * * *
The gnoll closely misses you.
Unknown command.
You aren't carrying any potions.
Unknown command.
You miss the adder.
The adder is almost dead.
You feel sick. The adder closely misses you.
Unknown command.
You hit the adder.
You kill the adder!
Okawaru accepts your kill.
You feel yourself slow down.
You feel sick. The gnoll closely misses you.
The gnoll hits you with a +0 flail.
You die...

, , , * , #### ..⌠....~_.#.. ..#
######### ### #.....~...#.. #.#
#........,..#
#.....~...#.###.#####.#####.# #.#
#..~≈~~..##.#...............# #.#
#..≈≈≈≈..##.........#######.###.#
..~≈~~~~..#.....h)g.....gcg......
*#......⌠.......g.#.####(#...#..#
#.........)†..).#### ###...####
##..##...>......# #c..#
#..#...........###### ##g..##
##,.#..#.#......##8.?g8#8...8#
..$.............##!....#.....###
#..#..#.#......##..[cgg.._..##.
#..#..###......##?..gg#.....##.


You could see 2 gnolls.

Vanquished Creatures
  Sigmund (D:3)
  A centaur (D:4)
  A phantom (D:4)
  A gnoll sergeant (D:4)
  Terence (D:3)
  2 iguanas (D:4)
  5 adders
  4 gnolls (D:4)
  A white imp (D:4)
  A worm (D:2)
  2 dart slugs
  9 orcs (D:3)
  11 ball pythons
  8 endoplasms
  2 giant cockroaches (D:2)
  7 goblins
  6 hobgoblins
  10 jackals
  2 quokkas (D:1)
  6 bats
  2 frilled lizards (D:1)
  7 kobolds
  3 rats
93 creatures vanquished.

Notes
Turn   | Place    | Note
-------+----------+-------------------------------------------
     0 | D:1      | Flugkiller the Meteoran Shapeshifter began the quest for
                  | the Orb.
     0 | D:1      | Reached XP level 1. HP: 16/16 MP: 2/2
    49 | D:1      | Found Ninaff's Jewellery Shop.
   157 | D:1      | Reached XP level 2. HP: 22/23 MP: 3/3
   329 | D:1      | Reached XP level 3. HP: 29/29 MP: 4/4
   477 | D:3      | Reached skill level 4 in Shapeshifting
   482 | D:3      | Noticed Sigmund
   491 | D:3      | Reached XP level 4. HP: 27/36 MP: 5/5
   767 | D:2      | Reached XP level 5. HP: 37/41 MP: 6/6
   772 | D:2      | Reached skill level 1 in Evocations
   890 | D:3      | Killed Sigmund
   891 | D:3      | Reached XP level 6. HP: 45/51 MP: 7/7
   971 | D:4      | Reached skill level 5 in Shapeshifting
   971 | D:4      | Reached XP level 7. HP: 19/57 MP: 8/8
  1164 | D:3      | Noticed Terence
  1173 | D:3      | Killed Terence
  1550 | D:4      | Found an iron altar of Okawaru.
  1550 | D:4      | Found a runed translucent door.
  1557 | D:4      | Found the +0 toga "Victory" {*Victory Clar}
  1571 | D:4      | Became a worshipper of Warmaster Okawaru
  1580 | D:4      | Reached skill level 6 in Shapeshifting
  1594 | D:4      | Gained mutation: You are occasionally teleported next to
                  | monsters. [potion of mutation]
  1594 | D:4      | Gained mutation: Your spells are a little harder to cast,
                  | but a little more powerful. [potion of mutation]
  1594 | D:4      | Gained mutation: Your system is resistant to poisons.
                  | (rPois) [potion of mutation]
  1609 | D:4      | Found an ancient bone altar of Kikubaaqudgha.
  1633 | D:4      | Reached skill level 7 in Shapeshifting
  1633 | D:4      | Reached XP level 8. HP: 12/63 MP: 9/9
  1635 | D:4      | Slain by a gnoll

Illustrated notes

Levels and vault maps discovered:
D:1:      dpeg_arrival_orchard, layout_basic, serial_shops,
          nicolae_shop_tiny_statue_garden, serial_bayou_lake_a
D:2:      layout_loops_cross, minmay_tetromino_i2
D:3:      layout_rooms, grunt_ministairs_9, uniq_terence, uniq_sigmund
D:4:      layout_loops_ring, fedhas_altar_decomposition,
          nicolae_overflow_guarded_unrand_okawaru_victory,
          nicolae_ru_the_path_less_chosen, kiku_gazebo_pond_becter

Skill      XL: |  1  2  3  4  5  6  7 |
---------------+----------------------+-----
Unarmed Combat | 4 6 |  6.0
Shapeshifting  | 4 5 7 |  7.0
Fighting       | 2 3 |  3.4
Dodging        | 3 |  3.0
Evocations     | 2 |  2.0

Action                     |  1- 3 |  4- 6 |  7- 9 || total
---------------------------+-------+-------+-------++-------
  Melee: Unarmed           |    71 |    94 |    74 ||   239
         Punch             |     1 |     4 |     2 ||     7
  Evoke: Wand              |       |       |     1 ||     1
    Use: Potion            |     1 |     1 |     5 ||     7
         Scroll            |       |     1 |     2 ||     3
 Armour: Animal skin       |    28 |    26 |     1 ||    55
         Skin              |    29 |    67 |       ||    96
         Ring mail         |       |       |    22 ||    22
         Robe              |       |       |    22 ||    22
  Dodge: Dodged            |    54 |    37 |    60 ||   151

Table legend: (Time is in decaauts)
 A = Elapsed time spent in this place.
 B = Non-inter-level travel time spent in this place.
 C = Inter-level travel time spent in this place.
 D = Time resting spent in this place.
 E = Time spent auto-exploring this place.
 F = Levels seen in this place.
 G = Mean time per level.
                   A        B        C        D        E       F      G
               +--------+--------+--------+--------+--------+-----+--------+
         Total |   1600 |   1449 |    151 |      0 |      0 |   4 |  400.0 |
       Dungeon |   1600 |   1449 |    151 |      0 |      0 |   4 |  400.0 |
               +--------+--------+--------+--------+--------+-----+--------+

Top non-repeatable levels by time:
     D:3: 432 daAuts
     D:1: 424 daAuts
     D:2: 377 daAuts
     D:4: 366 daAuts
